Flyers vs Rangers
Created - January 29, 2022 at 23:59
Goals
|
Flyers |
1 |
3 |
2 |
0 |
2 |
7 |
Rangers |
2 |
3 |
1 |
0 |
0 |
6 |
|
Shots
|
Flyers |
11 |
13 |
13 |
8 |
3 |
45 |
Rangers |
16 |
12 |
20 |
0 |
2 |
48 |
|
1st period
1. Rangers , Sean Couturier 14 (Milan Lucic 20) at 14:57
2. Rangers , Devante Smith-Pelly 4 (Morgan Ellis 1, Tomas Hertl 3) at 18:03
3. Flyers , Jordan Nolan 10 (Jakub Voracek 14, J.T. Miller 13) at 18:11
Penalties :
Nathan Beaulieu (Phi) for Boarding (Minor) at 19:06
2nd period
4. Rangers , Patrice Bergeron 11 (Chris Bourque 17, Steve Quailer 6) at 5:12
5. Flyers , Matthew Lombardi 5 (Brock Nelson 9, Jeff Woywitka 8) at 7:51
6. Rangers , Sean Couturier 15 (Milan Lucic 21, Luke Schenn 16) at 9:53
7. Flyers , Jeff Woywitka 2 (Jacob Trouba 7) at 10:28
8. Rangers , Ryan Strome 8 (Sean Couturier 19, Milan Lucic 22) at 13:47
9. Flyers , Jeff Carter 8 (Matt Smaby 8, Niclas Bergfors 5) at 17:43
Penalties :
Nathan Beaulieu (Phi) for Hooking (Minor) at 1:26
3rd period
10. Flyers , Niclas Bergfors 5 (Jeff Woywitka 9, Drew Miller 8) at 2:22 (PP)
11. Flyers , Chris Mcallister 2 (Travis Zajac 7, Marcus Kruger 7) at 3:00
12. Rangers , Richard Panik 5 (Luke Schenn 17, Magnus Paajarvi 3) at 12:46
Penalties :
T.J Galiardi (NyR) for Hooking (Minor) at 1:36, Jeff Carter (Phi) for Hooking (Minor) at 4:13, Niclas Bergfors (Phi) for Holding Stick (Minor) at 15:30, Chris Bourque (NyR) for Roughing (Minor) at 16:55
Overtime #1
No Goal
Penalties :
No Penalty
Shootout
Flyers, J.T. Miller - Shot Misses the Net
Rangers, Milan Lucic - Stopped by Steve Mason
Flyers, Jordan Nolan - Goal!
Rangers, Sean Couturier - Stopped by Steve Mason
Flyers, Jeff Carter - Goal!
Penalties :
No Penalty
Goalie Stats
Steve Mason (Phi), 42 saves from 48 shots - (0.875), W, 10-5-0, 65:00 minutes
Harru Sateri (NyR), 39 saves from 45 shots - (0.867), OTL, 1-1-1, 65:00 minutes
Players Stats for Flyers
Player Name G A P +/- PIM S H SB GA TA FO MP PP MP PK MP
------------------------------------------------------------------------------------
Brian Lashoff 0 0 0 -1 0 1 0 0 0 0 0/0 12:01 0:00 1:02
Brock Nelson 0 1 1 1 0 4 1 0 0 0 0/0 6:58 0:00 0:18
Chris Mcallister 1 0 1 1 0 3 0 0 0 0 0/0 11:03 0:00 1:02
Drew Miller 0 1 1 1 0 2 2 0 1 0 0/1 15:15 0:38 0:00
J.T. Miller 0 1 1 -4 0 6 2 0 0 2 12/23 27:47 1:33 5:06
Jacob Trouba 0 1 1 0 0 4 1 3 0 0 0/0 32:57 1:47 4:48
Jakub Voracek 0 1 1 -4 0 1 0 1 0 0 3/3 21:59 0:32 1:42
Jeff Carter 1 0 1 1 2 3 1 1 0 0 5/10 17:36 0:38 1:04
Jeff Woywitka 1 2 3 0 0 3 3 1 4 0 0/0 32:57 1:47 4:48
Jonathan Ericsson 0 0 0 -1 0 0 0 1 0 0 0/0 10:40 0:00 0:00
Jordan Nolan 1 0 1 -4 0 6 3 0 1 1 17/40 27:54 1:33 5:07
Marcus Kruger 0 1 1 1 0 3 1 0 0 0 0/0 11:46 0:00 0:00
Matt Smaby 0 1 1 0 0 2 1 5 0 1 0/0 21:23 0:24 2:34
Matthew Lombardi 1 0 1 1 0 1 1 0 0 0 0/2 7:06 0:00 0:25
Nathan Beaulieu 0 0 0 0 4 0 2 0 1 3 0/0 20:09 0:24 1:32
Niclas Bergfors 1 1 2 1 2 3 0 1 1 0 1/2 15:49 1:18 0:00
Travis Zajac 0 1 1 1 0 3 1 0 1 0 5/7 12:11 0:21 0:00
Tyler Randell 0 0 0 1 0 0 0 0 0 0 0/0 6:29 0:00 0:00
Players Stats for Rangers
Player Name G A P +/- PIM S H SB GA TA FO MP PP MP PK MP
------------------------------------------------------------------------------------
Artem Anisimov 0 0 0 0 0 0 0 0 0 0 1/2 7:03 0:00 0:00
Brett Ponich 0 0 0 2 0 0 1 0 0 1 0/0 11:23 0:00 0:00
Chris Bourque 0 1 1 -1 2 0 2 0 2 0 1/1 18:16 2:39 0:00
Devante Smith-Pelly 1 0 1 0 0 6 1 0 0 0 1/1 11:41 0:00 0:00
Dmitry Kulikov 0 0 0 -1 0 4 0 1 0 0 0/0 32:56 5:29 1:35
Luke Schenn 0 2 2 -1 0 2 1 3 1 2 0/0 32:56 5:29 1:35
Magnus Paajarvi 0 1 1 0 0 1 1 0 0 0 0/0 7:27 0:00 0:24
Matt Delahey 0 0 0 0 0 2 1 1 0 1 0/0 20:41 1:53 0:36
Milan Lucic 0 3 3 2 0 8 3 0 0 1 7/11 26:43 4:42 1:39
Morgan Ellis 0 1 1 2 0 3 1 0 0 1 0/0 11:23 0:00 0:00
Patrice Bergeron 1 0 1 -1 0 1 3 0 0 1 8/17 17:57 2:40 0:08
Patrik Nemeth 0 0 0 0 0 0 2 0 0 0 0/0 20:41 1:53 0:36
Richard Panik 1 0 1 0 0 6 1 1 1 0 0/0 7:57 0:00 0:00
Ryan Strome 1 0 1 2 0 4 2 0 2 0 1/3 22:20 4:42 0:00
Sean Couturier 2 1 3 2 0 9 1 0 1 2 20/45 26:43 4:42 1:39
Steve Quailer 0 1 1 -1 0 0 1 0 0 0 0/0 16:45 2:40 0:00
T.J Galiardi 0 0 0 0 2 1 2 1 0 0 1/1 12:22 0:00 0:24
Tomas Hertl 0 1 1 0 0 1 0 0 0 0 5/7 11:59 0:00 0:08
3 Stars
1 - Sean Couturier (NyR)
2 - Jeff Woywitka (Phi)
3 - Milan Lucic (NyR)
Power Play
Flyers - 1 on 2 Attempt(s) - 50.00%
Rangers - 0 on 4 Attempt(s) - 0.00%
Penalty Kill
Flyers - 4 on 4 Attempt(s) - 100.00%
- Score 0 goal in Penalty Kill
Rangers - 1 on 2 Attempt(s) - 50.00%
- Score 0 goal in Penalty Kill
Team Stat
Flyers - Hits : 19 - Faceoff Wins : 43 - Blocked Shots : 13 - Penalty Minutes : 8
Rangers - Hits : 23 - Faceoff Wins : 45 - Blocked Shots : 7 - Penalty Minutes : 4
Official
Referees : Gord Dwyer and Brad Meier
Linesman : Steve Miller and Matt MacPherson
Game Notes
No Game Note
Finance
Level 1 -- Attendance: 6000 (100.00%) -- Ticket Income $600,000
Level 2 -- Attendance: 5000 (100.00%) -- Ticket Income $300,000
Level 3 -- Attendance: 2000 (100.00%) -- Ticket Income $70,000
Level 4 -- Attendance: 4000 (100.00%) -- Ticket Income $100,000
Luxury Box -- Attendance: 910 (91.00%) -- Ticket Income $182,000
Game was played at the Madison Square Garden.
Total Attendance: 17910 (99.50%)
Total Ticket Income: $1,252,000
Other Income: $187,800
Total Income: $1,439,800
Flyers
5 vs 5 Forward
Center Left Wing Right Wing Time % Phy DF OF
1 Jordan Nolan J.T. Miller Jakub Voracek 40 1 2 2
2 Jeff Carter Drew Miller Niclas Bergfors 30 1 2 2
3 Travis Zajac Chris Mcallister Marcus Kruger 20 1 2 2
4 Matthew Lombardi Brock Nelson Tyler Randell 10 1 2 2
5 vs 5 Defense
Defense Defense Time % Phy DF OF
1 Jacob Trouba Jeff Woywitka 40 1 2 2
2 Matt Smaby Nathan Beaulieu 30 1 2 2
3 Jonathan Ericsson Brian Lashoff 20 1 2 2
4 Jacob Trouba Jeff Woywitka 10 1 2 2
PowerPlay Forward
Center Left Wing Right Wing Time % Phy DF OF
1 Jordan Nolan J.T. Miller Jakub Voracek 60 1 2 2
2 Jeff Carter Drew Miller Niclas Bergfors 40 1 2 2
PowerPlay Defense
Defense Defense Time % Phy DF OF
1 Jacob Trouba Jeff Woywitka 60 1 2 2
2 Matt Smaby Nathan Beaulieu 40 1 2 2
Penalty Kill 4 Players Forward
Center Wing Time % Phy DF OF
1 J.T. Miller Jordan Nolan 60 1 2 2
2 Jeff Carter Jakub Voracek 40 1 2 2
Penalty Kill 4 Players Defense
Defense Defense Time % Phy DF OF
1 Jacob Trouba Jeff Woywitka 60 1 2 2
2 Matt Smaby Nathan Beaulieu 40 1 2 2
Penalty Kill - 3 Players Forward
Forward Time % Phy DF OF
1 J.T. Miller 60 1 2 2
2 Jordan Nolan 40 1 2 2
Penalty Kill - 3 Players Defense
Defense Defense Time % Phy DF OF
1 Jacob Trouba Jeff Woywitka 60 1 2 2
2 Matt Smaby Nathan Beaulieu 40 1 2 2
4 vs 4 Forward
Center Wing Time % Phy DF OF
1 J.T. Miller Jordan Nolan 60 1 2 2
2 Jeff Carter Jakub Voracek 40 1 2 2
4 vs 4 Defense
Defense Defense Time % Phy DF OF
1 Jacob Trouba Jeff Woywitka 60 1 2 2
2 Matt Smaby Nathan Beaulieu 40 1 2 2
Last Minutes Offensive
Center Left Wing Right Wing Defense Defense
Jordan Nolan J.T. Miller Jakub Voracek Jacob Trouba Jeff Woywitka
Last Minutes Defensive
Center Left Wing Right Wing Defense Defense
Jordan Nolan J.T. Miller Jakub Voracek Jacob Trouba Jeff Woywitka
Goaltenders
Starting : Steve Mason
Backup : Ilya Sorokin
Extra Forwards
Normal : Travis Zajac, Marcus Kruger, Chris Mcallister - PP : Travis Zajac, Marcus Kruger - PK : Chris Mcallister
Extra Defensemen
Normal : Jonathan Ericsson, Brian Lashoff, Matt Smaby - PP : Jonathan Ericsson - PK : Brian Lashoff, Matt Smaby
Penalty Shots
J.T. Miller, Jordan Nolan, Jeff Carter, Jakub Voracek, Drew Miller
Scratches
Dylan Olsen (Healthy), Tomas Kubalik (Healthy)
Rangers
5 vs 5 Forward
Center Left Wing Right Wing Time % Phy DF OF
1 Sean Couturier Milan Lucic Ryan Strome 40 1 2 2
2 Patrice Bergeron Chris Bourque Steve Quailer 30 1 2 2
3 Tomas Hertl T.J Galiardi Devante Smith-Pelly 20 1 2 2
4 Artem Anisimov Magnus Paajarvi Richard Panik 10 1 2 2
5 vs 5 Defense
Defense Defense Time % Phy DF OF
1 Luke Schenn Dmitry Kulikov 40 1 2 2
2 Patrik Nemeth Matt Delahey 30 1 2 2
3 Brett Ponich Morgan Ellis 20 1 2 2
4 Luke Schenn Dmitry Kulikov 10 1 2 2
PowerPlay Forward
Center Left Wing Right Wing Time % Phy DF OF
1 Sean Couturier Milan Lucic Ryan Strome 60 1 2 2
2 Patrice Bergeron Chris Bourque Steve Quailer 40 1 2 2
PowerPlay Defense
Defense Defense Time % Phy DF OF
1 Luke Schenn Dmitry Kulikov 60 1 2 2
2 Patrik Nemeth Matt Delahey 40 1 2 2
Penalty Kill 4 Players Forward
Center Wing Time % Phy DF OF
1 Milan Lucic Sean Couturier 60 1 2 2
2 Patrice Bergeron Tomas Hertl 40 1 2 2
Penalty Kill 4 Players Defense
Defense Defense Time % Phy DF OF
1 Luke Schenn Dmitry Kulikov 60 1 2 2
2 Patrik Nemeth Matt Delahey 40 1 2 2
Penalty Kill - 3 Players Forward
Forward Time % Phy DF OF
1 Milan Lucic 60 1 2 2
2 Sean Couturier 40 1 2 2
Penalty Kill - 3 Players Defense
Defense Defense Time % Phy DF OF
1 Luke Schenn Dmitry Kulikov 60 1 2 2
2 Patrik Nemeth Matt Delahey 40 1 2 2
4 vs 4 Forward
Center Wing Time % Phy DF OF
1 Milan Lucic Sean Couturier 60 1 2 2
2 Patrice Bergeron Tomas Hertl 40 1 2 2
4 vs 4 Defense
Defense Defense Time % Phy DF OF
1 Luke Schenn Dmitry Kulikov 60 1 2 2
2 Patrik Nemeth Matt Delahey 40 1 2 2
Last Minutes Offensive
Center Left Wing Right Wing Defense Defense
Sean Couturier Milan Lucic Ryan Strome Luke Schenn Dmitry Kulikov
Last Minutes Defensive
Center Left Wing Right Wing Defense Defense
Sean Couturier Milan Lucic Ryan Strome Luke Schenn Dmitry Kulikov
Goaltenders
Starting : Harru Sateri
Backup : Frederik Andersen
Extra Forwards
Normal : Devante Smith-Pelly, Richard Panik, T.J Galiardi - PP : Devante Smith-Pelly, Richard Panik - PK : T.J Galiardi
Extra Defensemen
Normal : Brett Ponich, Morgan Ellis, Patrik Nemeth - PP : Brett Ponich - PK : Morgan Ellis, Patrik Nemeth
Penalty Shots
Milan Lucic, Sean Couturier, Patrice Bergeron, Tomas Hertl, Ryan Strome
Scratches
Jonas Brodin (Healthy)
% Time on Ice - Flyers
Lines # - Real PCT - Wanted PCT - Time Play
Normal Forward
1 - 38% - 40% - 18:51
2 - 30% - 30% - 14:46
3 - 20% - 20% - 9:47
4 - 13% - 10% - 6:29
Normal Defense
1 - 41% - 40% - 20:16
2 - 32% - 30% - 16:11
3 - 21% - 20% - 10:40
4 - 6% - 10% - 2:46
PP Forward
1 - 71% - 60% - 1:33
2 - 29% - 40% - 0:38
PP Defense
1 - 82% - 60% - 1:47
2 - 18% - 40% - 0:24
PK Forward
1 - 77% - 60% - 5:40
2 - 23% - 40% - 1:42
PK Defense
1 - 65% - 60% - 4:48
2 - 35% - 40% - 2:34
PK3 Forward
1 - 0% - 60%
2 - 0% - 40%
PK3 Defense
1 - 0% - 60%
2 - 0% - 40%
44 Forward
1 - 83% - 60% - 4:37
2 - 17% - 40% - 0:57
44 Defense
1 - 60% - 60% - 3:20
2 - 40% - 40% - 2:14
Last Minute Offensive - 0:00
Last Minute Defensive - 0:00
Total
Forward - 65:00
Defense - 65:00
|
% Time on Ice - Rangers
Lines # - Real PCT - Wanted PCT - Time Play
Normal Forward
1 - 36% - 40% - 17:58
2 - 28% - 30% - 14:05
3 - 22% - 20% - 10:47
4 - 14% - 10% - 7:03
Normal Defense
1 - 40% - 40% - 19:57
2 - 32% - 30% - 15:53
3 - 23% - 20% - 11:23
4 - 5% - 10% - 2:40
PP Forward
1 - 64% - 60% - 4:42
2 - 36% - 40% - 2:40
PP Defense
1 - 74% - 60% - 5:29
2 - 26% - 40% - 1:53
PK Forward
1 - 94% - 60% - 2:03
2 - 6% - 40% - 0:08
PK Defense
1 - 73% - 60% - 1:35
2 - 27% - 40% - 0:36
PK3 Forward
1 - 0% - 60%
2 - 0% - 40%
PK3 Defense
1 - 0% - 60%
2 - 0% - 40%
44 Forward
1 - 81% - 60% - 4:30
2 - 19% - 40% - 1:04
44 Defense
1 - 58% - 60% - 3:15
2 - 42% - 40% - 2:19
Last Minute Offensive - 0:00
Last Minute Defensive - 0:00
Total
Forward - 65:00
Defense - 65:00
|
Play-by-Play
1st period
0:01 of 1st period - Jakub Voracek wins face-off versus Ryan Strome in neutral zone.
0:26 of 1st period - Dmitry Kulikov is hit by Drew Miller and loses puck.
1:59 of 1st period - Snap shot by Niclas Bergfors.
1:59 of 1st period - Shot Misses the Net.
2:01 of 1st period - Wrist shot by Drew Miller.
2:01 of 1st period - Stopped by Harru Sateri with a rebound.
3:17 of 1st period - Snap shot by Sean Couturier.
3:17 of 1st period - Shot Hit the Post.
3:30 of 1st period - Icing by Patrice Bergeron.
3:31 of 1st period - Patrice Bergeron wins face-off versus Drew Miller in Rangers zone.
3:48 of 1st period - Icing by Jacob Trouba.
3:49 of 1st period - Sean Couturier wins face-off versus Jeff Carter in Flyers zone.
4:18 of 1st period - Jeff Woywitka is hit by Devante Smith-Pelly and loses puck.
4:39 of 1st period - Brian Lashoff is hit by Luke Schenn and loses puck.
5:22 of 1st period - Nathan Beaulieu is hit by Brett Ponich.
5:52 of 1st period - Wrist shot by Chris Bourque.
5:52 of 1st period - Shot Blocked by Jakub Voracek.
6:35 of 1st period - Artem Anisimov is hit by Matthew Lombardi and loses puck.
6:42 of 1st period - Snap shot by Brock Nelson.
6:42 of 1st period - Deflect By Matthew Lombardi.
6:42 of 1st period - Shot Misses the Net.
6:42 of 1st period - Puck is out of play.
6:43 of 1st period - Sean Couturier wins face-off versus Jordan Nolan in Rangers zone.
6:43 of 1st period - Sean Couturier is hit by Jordan Nolan.
7:00 of 1st period - Backhand shot by J.T. Miller.
7:00 of 1st period - Deflect By Jordan Nolan.
7:00 of 1st period - Stopped by Harru Sateri without a rebound.
7:01 of 1st period - Patrice Bergeron wins face-off versus Niclas Bergfors in Rangers zone.
7:01 of 1st period - Patrice Bergeron is hit by Jeff Woywitka.
7:07 of 1st period - Drew Miller is hit by Steve Quailer and loses puck.
8:03 of 1st period - Snap shot by Devante Smith-Pelly.
8:03 of 1st period - Stopped by Steve Mason with a rebound.
8:32 of 1st period - Icing by Tyler Randell.
8:33 of 1st period - Jeff Carter wins face-off versus Patrice Bergeron in Flyers zone.
8:50 of 1st period - Backhand shot by Patrice Bergeron.
8:50 of 1st period - Shot Blocked by Matt Smaby.
9:00 of 1st period - Drew Miller is hit by Morgan Ellis and loses puck.
9:27 of 1st period - Devante Smith-Pelly is hit by Jeff Carter.
9:31 of 1st period - Jacob Trouba is hit by T.J Galiardi and loses puck.
10:00 of 1st period - Backhand shot by Devante Smith-Pelly.
10:00 of 1st period - Stopped by Steve Mason with a rebound.
10:06 of 1st period - Snap shot by Niclas Bergfors.
10:06 of 1st period - Stopped by Harru Sateri without a rebound.
10:07 of 1st period - Sean Couturier wins face-off versus Jordan Nolan in Rangers zone.
10:14 of 1st period - Wrist shot by Sean Couturier.
10:14 of 1st period - Shot Blocked by Jonathan Ericsson.
10:24 of 1st period - Snap shot by J.T. Miller.
10:24 of 1st period - Deflect By Luke Schenn.
10:24 of 1st period - Stopped by Harru Sateri without a rebound.
10:25 of 1st period - Travis Zajac wins face-off versus Patrice Bergeron in Rangers zone.
10:26 of 1st period - Snap shot by Chris Mcallister.
10:26 of 1st period - Stopped by Harru Sateri without a rebound.
10:27 of 1st period - Travis Zajac wins face-off versus Patrice Bergeron in Rangers zone.
11:26 of 1st period - Snap shot by Tyler Randell.
11:26 of 1st period - Deflect By Brock Nelson.
11:26 of 1st period - Stopped by Harru Sateri without a rebound.
11:27 of 1st period - Chris Bourque wins face-off versus Travis Zajac in Rangers zone.
11:27 of 1st period - Chris Bourque is hit by Travis Zajac.
11:37 of 1st period - Snap shot by Travis Zajac.
11:37 of 1st period - Shot Misses the Net.
11:39 of 1st period - Wrist shot by Travis Zajac.
11:39 of 1st period - Stopped by Harru Sateri without a rebound.
11:40 of 1st period - Jordan Nolan wins face-off versus Sean Couturier in Rangers zone.
11:48 of 1st period - Off-side.
11:49 of 1st period - Sean Couturier wins face-off versus Jordan Nolan in neutral zone.
11:52 of 1st period - Slapshot by Luke Schenn.
11:52 of 1st period - Stopped by Steve Mason with a rebound.
11:54 of 1st period - Slapshot by Luke Schenn.
11:54 of 1st period - Shot Blocked by Jacob Trouba.
11:56 of 1st period - Slapshot by Dmitry Kulikov.
11:56 of 1st period - Stopped by Steve Mason without a rebound.
11:57 of 1st period - J.T. Miller wins face-off versus Sean Couturier in Flyers zone.
11:57 of 1st period - J.T. Miller is hit by Sean Couturier.
12:07 of 1st period - Snap shot by Jakub Voracek.
12:07 of 1st period - Shot Misses the Net.
12:09 of 1st period - Wrist shot by J.T. Miller.
12:09 of 1st period - Stopped by Harru Sateri with a rebound.
13:10 of 1st period - Wrist shot by Luke Schenn.
13:10 of 1st period - Deflect By Devante Smith-Pelly.
13:10 of 1st period - Shot Misses the Net.
13:10 of 1st period - Puck is out of play.
13:11 of 1st period - Jeff Carter wins face-off versus Tomas Hertl in Flyers zone.
13:26 of 1st period - Snap shot by Niclas Bergfors.
13:26 of 1st period - Shot Blocked by Matt Delahey.
13:45 of 1st period - Icing by Jacob Trouba.
13:46 of 1st period - Sean Couturier wins face-off versus Jeff Carter in Flyers zone.
13:49 of 1st period - Slapshot by Sean Couturier.
13:49 of 1st period - Shot Misses the Net.
13:53 of 1st period - Slapshot by Ryan Strome.
13:53 of 1st period - Shot Misses the Net.
14:17 of 1st period - Slapshot by Patrice Bergeron.
14:17 of 1st period - Shot Misses the Net.
14:40 of 1st period - Wrist shot by Marcus Kruger.
14:40 of 1st period - Stopped by Harru Sateri without a rebound.
14:41 of 1st period - Sean Couturier wins face-off versus Jordan Nolan in Rangers zone.
14:45 of 1st period - Off-side.
14:46 of 1st period - Sean Couturier wins face-off versus Jordan Nolan in neutral zone.
14:57 of 1st period - Wrist shot by Sean Couturier.
14:57 of 1st period - Goal by Sean Couturier - Flyers : 0 - Rangers : 1.
14:58 of 1st period - Sean Couturier wins face-off versus Jordan Nolan in neutral zone.
15:03 of 1st period - Snap shot by Milan Lucic.
15:03 of 1st period - Shot Misses the Net.
15:11 of 1st period - Snap shot by Jordan Nolan.
15:11 of 1st period - Stopped by Harru Sateri with a rebound.
15:13 of 1st period - Slapshot by Nathan Beaulieu.
15:13 of 1st period - Shot Blocked by Luke Schenn.
15:15 of 1st period - Snap shot by J.T. Miller.
15:15 of 1st period - Shot Misses the Net.
15:25 of 1st period - Dmitry Kulikov is hit by Nathan Beaulieu and loses puck.
15:32 of 1st period - Slapshot by Luke Schenn.
15:32 of 1st period - Shot Blocked by Matt Smaby.
15:34 of 1st period - Slapshot by Brett Ponich.
15:34 of 1st period - Shot Blocked by Jeff Carter.
15:36 of 1st period - Slapshot by Morgan Ellis.
15:36 of 1st period - Stopped by Steve Mason with a rebound.
15:38 of 1st period - Wrist shot by Ryan Strome.
15:38 of 1st period - Deflect By Milan Lucic.
15:38 of 1st period - Stopped by Steve Mason without a rebound.
15:39 of 1st period - Patrice Bergeron wins face-off versus Jordan Nolan in Flyers zone.
16:30 of 1st period - Jeff Carter is hit by Richard Panik and loses puck.
16:39 of 1st period - Wrist shot by Richard Panik.
16:39 of 1st period - Stopped by Steve Mason with a rebound.
16:41 of 1st period - Slapshot by Matt Delahey.
16:41 of 1st period - Shot Misses the Net.
17:41 of 1st period - Snap shot by Tomas Hertl.
17:41 of 1st period - Stopped by Steve Mason without a rebound.
17:42 of 1st period - Jordan Nolan wins face-off versus Tomas Hertl in Flyers zone.
17:55 of 1st period - Backhand shot by Devante Smith-Pelly.
17:55 of 1st period - Shot Misses the Net.
17:57 of 1st period - Slapshot by Morgan Ellis.
17:57 of 1st period - Stopped by Steve Mason with a rebound.
17:59 of 1st period - Wrist shot by Tomas Hertl.
17:59 of 1st period - Shot Misses the Net.
18:01 of 1st period - Slapshot by Morgan Ellis.
18:01 of 1st period - Deflect By Devante Smith-Pelly.
18:01 of 1st period - Stopped by Steve Mason with a rebound.
18:03 of 1st period - Snap shot by Devante Smith-Pelly.
18:03 of 1st period - Goal by Devante Smith-Pelly - Flyers : 0 - Rangers : 2.
18:04 of 1st period - Jordan Nolan wins face-off versus Sean Couturier in neutral zone.
18:11 of 1st period - Snap shot by Jordan Nolan.
18:11 of 1st period - Goal by Jordan Nolan - Flyers : 1 - Rangers : 2.
18:12 of 1st period - Sean Couturier wins face-off versus Jordan Nolan in neutral zone.
18:39 of 1st period - Jeff Woywitka is hit by Patrice Bergeron and loses puck.
19:04 of 1st period - Snap shot by Devante Smith-Pelly.
19:04 of 1st period - Shot Blocked by Matt Smaby.
19:06 of 1st period - Minor Penalty to Nathan Beaulieu for Boarding.
19:07 of 1st period - Sean Couturier wins face-off versus J.T. Miller in Flyers zone.
19:22 of 1st period - Snap shot by Sean Couturier.
19:22 of 1st period - Deflect By Ryan Strome.
19:22 of 1st period - Shot Misses the Net.
19:22 of 1st period - Puck is out of play.
19:23 of 1st period - Sean Couturier wins face-off versus J.T. Miller in Flyers zone.
19:26 of 1st period - Wrist shot by Ryan Strome.
19:26 of 1st period - Deflect By Sean Couturier.
19:26 of 1st period - Stopped by Steve Mason with a rebound.
19:28 of 1st period - Slapshot by Dmitry Kulikov.
19:28 of 1st period - Stopped by Steve Mason with a rebound.
19:30 of 1st period - Wrist shot by Sean Couturier.
19:30 of 1st period - Deflect By Milan Lucic.
19:30 of 1st period - Stopped by Steve Mason with a rebound.
19:32 of 1st period - Snap shot by Luke Schenn.
19:32 of 1st period - Shot Misses the Net.
19:34 of 1st period - Backhand shot by Dmitry Kulikov.
19:34 of 1st period - Shot Misses the Net.
19:36 of 1st period - Wrist shot by Sean Couturier.
19:36 of 1st period - Stopped by Steve Mason without a rebound.
19:37 of 1st period - J.T. Miller wins face-off versus Sean Couturier in Flyers zone.
19:37 of 1st period - J.T. Miller is hit by Milan Lucic.
Goals for this period are 1 for Flyers vs 2 for Rangers.
Shots for this period are 11 for Flyers vs 16 for Rangers.
2nd period
0:01 of 2nd period - J.T. Miller wins face-off versus Sean Couturier in neutral zone.
0:04 of 2nd period - Wrist shot by J.T. Miller.
0:04 of 2nd period - Deflect By Ryan Strome.
0:04 of 2nd period - Shot Blocked by Luke Schenn.
0:04 of 2nd period - Puck is out of play.
0:05 of 2nd period - Sean Couturier wins face-off versus J.T. Miller in Rangers zone.
0:35 of 2nd period - Dmitry Kulikov is hit by Jacob Trouba and loses puck.
0:51 of 2nd period - Off-side.
0:52 of 2nd period - Sean Couturier wins face-off versus Jeff Carter in neutral zone.
1:06 of 2nd period - Penalty to Nathan Beaulieu is over, Nathan Beaulieu is back on ice.
1:07 of 2nd period - Wrist shot by Jeff Carter.
1:07 of 2nd period - Stopped by Harru Sateri with a rebound.
1:09 of 2nd period - Wrist shot by Matt Smaby.
1:09 of 2nd period - Stopped by Harru Sateri without a rebound.
1:10 of 2nd period - Jordan Nolan wins face-off versus Patrice Bergeron in Rangers zone.
1:26 of 2nd period - Minor Penalty to Nathan Beaulieu for Hooking.
1:27 of 2nd period - J.T. Miller wins face-off versus Sean Couturier in Flyers zone.
1:39 of 2nd period - Snap shot by Ryan Strome.
1:39 of 2nd period - Deflect By Milan Lucic.
1:39 of 2nd period - Shot Misses the Net.
1:39 of 2nd period - Puck is out of play.
1:40 of 2nd period - J.T. Miller wins face-off versus Sean Couturier in Flyers zone.
1:49 of 2nd period - Luke Schenn is hit by Jeff Woywitka and loses puck.
2:06 of 2nd period - Jordan Nolan is hit by Chris Bourque and loses puck.
2:30 of 2nd period - Snap shot by Jeff Carter.
2:30 of 2nd period - Shot Misses the Net.
3:26 of 2nd period - Penalty to Nathan Beaulieu is over, Nathan Beaulieu is back on ice.
3:40 of 2nd period - Wrist shot by Brock Nelson.
3:40 of 2nd period - Stopped by Harru Sateri without a rebound.
3:41 of 2nd period - Tomas Hertl wins face-off versus Matthew Lombardi in Rangers zone.
3:48 of 2nd period - Snap shot by Devante Smith-Pelly.
3:48 of 2nd period - Deflect By T.J Galiardi.
3:48 of 2nd period - Stopped by Steve Mason without a rebound.
3:49 of 2nd period - Tomas Hertl wins face-off versus Jordan Nolan in Flyers zone.
3:50 of 2nd period - Wrist shot by Devante Smith-Pelly.
3:50 of 2nd period - Stopped by Steve Mason without a rebound.
3:51 of 2nd period - Tomas Hertl wins face-off versus Jordan Nolan in Flyers zone.
4:02 of 2nd period - Devante Smith-Pelly is hit by Jordan Nolan and loses puck.
5:12 of 2nd period - Snap shot by Patrice Bergeron.
5:12 of 2nd period - Goal by Patrice Bergeron - Flyers : 1 - Rangers : 3.
5:13 of 2nd period - Ryan Strome wins face-off versus Jordan Nolan in neutral zone.
5:24 of 2nd period - Wrist shot by Milan Lucic.
5:24 of 2nd period - Shot Misses the Net.
5:26 of 2nd period - Wrist shot by Ryan Strome.
5:26 of 2nd period - Shot Misses the Net.
5:30 of 2nd period - Wrist shot by Ryan Strome.
5:30 of 2nd period - Shot Misses the Net.
5:40 of 2nd period - Luke Schenn is hit by Jeff Woywitka and loses puck.
6:01 of 2nd period - Wrist shot by Richard Panik.
6:01 of 2nd period - Stopped by Steve Mason without a rebound.
6:02 of 2nd period - Travis Zajac wins face-off versus Artem Anisimov in Flyers zone.
6:07 of 2nd period - Slapshot by Matt Smaby.
6:07 of 2nd period - Deflect By Dmitry Kulikov.
6:07 of 2nd period - Stopped by Harru Sateri with a rebound.
6:13 of 2nd period - Slapshot by Travis Zajac.
6:13 of 2nd period - Stopped by Harru Sateri without a rebound.
6:14 of 2nd period - Jordan Nolan wins face-off versus Sean Couturier in Rangers zone.
6:40 of 2nd period - Jonathan Ericsson is hit by Patrice Bergeron and loses puck.
7:49 of 2nd period - Slapshot by Brock Nelson.
7:49 of 2nd period - Shot Misses the Net.
7:51 of 2nd period - Snap shot by Matthew Lombardi.
7:51 of 2nd period - Goal by Matthew Lombardi - Flyers : 2 - Rangers : 3.
7:52 of 2nd period - Sean Couturier wins face-off versus Jordan Nolan in neutral zone.
7:59 of 2nd period - Wrist shot by Ryan Strome.
7:59 of 2nd period - Stopped by Steve Mason without a rebound.
8:00 of 2nd period - Jordan Nolan wins face-off versus Sean Couturier in Flyers zone.
8:15 of 2nd period - Wrist shot by J.T. Miller.
8:15 of 2nd period - Stopped by Harru Sateri with a rebound.
8:52 of 2nd period - Wrist shot by Milan Lucic.
8:52 of 2nd period - Stopped by Steve Mason without a rebound.
8:53 of 2nd period - Jeff Carter wins face-off versus Patrice Bergeron in Flyers zone.
9:20 of 2nd period - Matt Delahey is hit by Brock Nelson and loses puck.
9:25 of 2nd period - Snap shot by Brock Nelson.
9:25 of 2nd period - Deflect By Chris Bourque.
9:25 of 2nd period - Stopped by Harru Sateri without a rebound.
9:26 of 2nd period - Tomas Hertl wins face-off versus Matthew Lombardi in Rangers zone.
9:41 of 2nd period - Snap shot by Brock Nelson.
9:41 of 2nd period - Stopped by Harru Sateri without a rebound.
9:42 of 2nd period - Sean Couturier wins face-off versus Jordan Nolan in Rangers zone.
9:53 of 2nd period - Snap shot by Sean Couturier.
9:53 of 2nd period - Goal by Sean Couturier - Flyers : 2 - Rangers : 4.
9:54 of 2nd period - Jordan Nolan wins face-off versus Sean Couturier in neutral zone.
10:21 of 2nd period - Jacob Trouba is hit by Patrice Bergeron and loses puck.
10:28 of 2nd period - Slapshot by Jeff Woywitka.
10:28 of 2nd period - Goal by Jeff Woywitka - Flyers : 3 - Rangers : 4.
10:29 of 2nd period - Jordan Nolan wins face-off versus Sean Couturier in neutral zone.
10:38 of 2nd period - Snap shot by Milan Lucic.
10:38 of 2nd period - Stopped by Steve Mason with a rebound.
10:40 of 2nd period - Slapshot by Dmitry Kulikov.
10:40 of 2nd period - Shot Blocked by Jeff Woywitka.
10:42 of 2nd period - Snap shot by Luke Schenn.
10:42 of 2nd period - Shot Misses the Net.
11:23 of 2nd period - Slapshot by Dmitry Kulikov.
11:23 of 2nd period - Shot Hit the Post.
12:26 of 2nd period - Slapshot by Matt Delahey.
12:26 of 2nd period - Stopped by Steve Mason with a rebound.
12:28 of 2nd period - Wrist shot by Patrik Nemeth.
12:28 of 2nd period - Shot Misses the Net.
12:30 of 2nd period - Slapshot by Matt Delahey.
12:30 of 2nd period - Shot Misses the Net.
13:25 of 2nd period - Snap shot by Jacob Trouba.
13:25 of 2nd period - Deflect By Jakub Voracek.
13:25 of 2nd period - Shot Misses the Net.
13:25 of 2nd period - Puck is out of play.
13:26 of 2nd period - Jordan Nolan wins face-off versus Sean Couturier in Rangers zone.
13:45 of 2nd period - Wrist shot by Milan Lucic.
13:45 of 2nd period - Stopped by Steve Mason with a rebound.
13:47 of 2nd period - Wrist shot by Sean Couturier.
13:47 of 2nd period - Deflect By Ryan Strome.
13:47 of 2nd period - Goal by Ryan Strome - Flyers : 3 - Rangers : 5.
13:48 of 2nd period - Sean Couturier wins face-off versus Jordan Nolan in neutral zone.
14:16 of 2nd period - Off-side.
14:17 of 2nd period - Niclas Bergfors wins face-off versus Patrice Bergeron in neutral zone.
14:30 of 2nd period - Niclas Bergfors is hit by Patrik Nemeth and loses puck.
15:30 of 2nd period - Snap shot by Magnus Paajarvi.
15:30 of 2nd period - Shot Misses the Net.
16:21 of 2nd period - Nathan Beaulieu is hit by Milan Lucic and loses puck.
17:10 of 2nd period - Jeff Carter is hit by Matt Delahey and loses puck.
17:33 of 2nd period - Slapshot by Niclas Bergfors.
17:33 of 2nd period - Stopped by Harru Sateri with a rebound.
17:41 of 2nd period - Snap shot by Niclas Bergfors.
17:41 of 2nd period - Shot Misses the Net.
17:43 of 2nd period - Slapshot by Matt Smaby.
17:43 of 2nd period - Deflect By Jeff Carter.
17:43 of 2nd period - Goal by Jeff Carter - Flyers : 4 - Rangers : 5.
17:44 of 2nd period - Jakub Voracek wins face-off versus Sean Couturier in neutral zone.
17:49 of 2nd period - Slapshot by Jeff Woywitka.
17:49 of 2nd period - Deflect By Sean Couturier.
17:49 of 2nd period - Stopped by Harru Sateri with a rebound.
18:33 of 2nd period - Slapshot by Jacob Trouba.
18:33 of 2nd period - Shot Blocked by Richard Panik.
19:41 of 2nd period - Backhand shot by Devante Smith-Pelly.
19:41 of 2nd period - Stopped by Steve Mason without a rebound.
19:42 of 2nd period - Tomas Hertl wins face-off versus Jordan Nolan in Flyers zone.
19:51 of 2nd period - Tomas Hertl is hit by J.T. Miller.
Goals for this period are 3 for Flyers vs 3 for Rangers.
Shots for this period are 13 for Flyers vs 12 for Rangers.
3rd period
0:01 of 3rd period - Sean Couturier wins face-off versus Jordan Nolan in neutral zone.
0:04 of 3rd period - Slapshot by Luke Schenn.
0:04 of 3rd period - Stopped by Steve Mason without a rebound.
0:05 of 3rd period - Sean Couturier wins face-off versus Jordan Nolan in Flyers zone.
0:06 of 3rd period - Wrist shot by Milan Lucic.
0:06 of 3rd period - Stopped by Steve Mason with a rebound.
0:08 of 3rd period - Backhand shot by Dmitry Kulikov.
0:08 of 3rd period - Stopped by Steve Mason with a rebound.
0:10 of 3rd period - Wrist shot by Ryan Strome.
0:10 of 3rd period - Shot Misses the Net.
0:12 of 3rd period - Wrist shot by Luke Schenn.
0:12 of 3rd period - Deflect By Sean Couturier.
0:12 of 3rd period - Stopped by Steve Mason without a rebound.
0:13 of 3rd period - Jordan Nolan wins face-off versus Sean Couturier in Flyers zone.
0:30 of 3rd period - J.T. Miller is hit by Milan Lucic and loses puck.
1:13 of 3rd period - Snap shot by Magnus Paajarvi.
1:13 of 3rd period - Shot Blocked by Matt Smaby.
1:23 of 3rd period - Wrist shot by Chris Mcallister.
1:23 of 3rd period - Shot Blocked by T.J Galiardi.
1:36 of 3rd period - Minor Penalty to T.J Galiardi for Hooking.
1:37 of 3rd period - Jakub Voracek wins face-off versus Sean Couturier in Rangers zone.
1:39 of 3rd period - Slapshot by Jakub Voracek.
1:39 of 3rd period - Shot Blocked by Luke Schenn.
1:41 of 3rd period - Slapshot by Jacob Trouba.
1:41 of 3rd period - Stopped by Harru Sateri with a rebound.
1:43 of 3rd period - Wrist shot by J.T. Miller.
1:43 of 3rd period - Shot Blocked by Dmitry Kulikov.
1:45 of 3rd period - Slapshot by Jordan Nolan.
1:45 of 3rd period - Stopped by Harru Sateri without a rebound.
1:46 of 3rd period - Jordan Nolan wins face-off versus Milan Lucic in Rangers zone.
1:47 of 3rd period - Wrist shot by J.T. Miller.
1:47 of 3rd period - Stopped by Harru Sateri without a rebound.
1:48 of 3rd period - Jordan Nolan wins face-off versus Milan Lucic in Rangers zone.
2:20 of 3rd period - Snap shot by Drew Miller.
2:20 of 3rd period - Stopped by Harru Sateri with a rebound.
2:22 of 3rd period - Wrist shot by Jeff Woywitka.
2:22 of 3rd period - Deflect By Niclas Bergfors.
2:22 of 3rd period - Goal by Niclas Bergfors - Flyers : 5 - Rangers : 5.
2:23 of 3rd period - Patrice Bergeron wins face-off versus Jordan Nolan in neutral zone.
2:54 of 3rd period - Slapshot by Travis Zajac.
2:54 of 3rd period - Shot Misses the Net.
2:58 of 3rd period - Wrist shot by Travis Zajac.
2:58 of 3rd period - Shot Misses the Net.
3:00 of 3rd period - Snap shot by Chris Mcallister.
3:00 of 3rd period - Goal by Chris Mcallister - Flyers : 6 - Rangers : 5.
3:01 of 3rd period - Sean Couturier wins face-off versus Jordan Nolan in neutral zone.
3:17 of 3rd period - Icing by J.T. Miller.
3:18 of 3rd period - J.T. Miller wins face-off versus Patrice Bergeron in Flyers zone.
3:29 of 3rd period - Jordan Nolan is hit by Chris Bourque and loses puck.
3:38 of 3rd period - Snap shot by Jordan Nolan.
3:38 of 3rd period - Stopped by Harru Sateri with a rebound.
3:52 of 3rd period - Snap shot by J.T. Miller.
3:52 of 3rd period - Stopped by Harru Sateri without a rebound.
3:53 of 3rd period - Jeff Carter wins face-off versus Patrice Bergeron in Rangers zone.
4:13 of 3rd period - Minor Penalty to Jeff Carter for Hooking.
4:14 of 3rd period - J.T. Miller wins face-off versus Sean Couturier in Flyers zone.
4:22 of 3rd period - Snap shot by Milan Lucic.
4:22 of 3rd period - Stopped by Steve Mason without a rebound.
4:23 of 3rd period - J.T. Miller wins face-off versus Sean Couturier in Flyers zone.
6:13 of 3rd period - Penalty to Jeff Carter is over, Jeff Carter is back on ice.
6:24 of 3rd period - Wrist shot by Magnus Paajarvi.
6:24 of 3rd period - Stopped by Steve Mason without a rebound.
6:25 of 3rd period - Artem Anisimov wins face-off versus Jeff Carter in Flyers zone.
6:40 of 3rd period - Wrist shot by Richard Panik.
6:40 of 3rd period - Stopped by Steve Mason with a rebound.
6:58 of 3rd period - Backhand shot by Richard Panik.
6:58 of 3rd period - Deflect By Artem Anisimov.
6:58 of 3rd period - Shot Blocked by Niclas Bergfors.
6:58 of 3rd period - Puck is out of play.
6:59 of 3rd period - Travis Zajac wins face-off versus Sean Couturier in Flyers zone.
6:59 of 3rd period - Travis Zajac is hit by Ryan Strome.
7:09 of 3rd period - Snap shot by Ryan Strome.
7:09 of 3rd period - Shot Blocked by Jacob Trouba.
7:11 of 3rd period - Snap shot by Sean Couturier.
7:11 of 3rd period - Stopped by Steve Mason with a rebound.
7:13 of 3rd period - Snap shot by Patrik Nemeth.
7:13 of 3rd period - Deflect By Milan Lucic.
7:13 of 3rd period - Shot Blocked by Jacob Trouba.
7:13 of 3rd period - Puck is out of play.
7:14 of 3rd period - Patrice Bergeron wins face-off versus Jordan Nolan in Flyers zone.
7:47 of 3rd period - Slapshot by Jacob Trouba.
7:47 of 3rd period - Shot Misses the Net.
8:05 of 3rd period - Brian Lashoff is hit by T.J Galiardi and loses puck.
9:13 of 3rd period - Slapshot by Sean Couturier.
9:13 of 3rd period - Stopped by Steve Mason with a rebound.
9:19 of 3rd period - Morgan Ellis is hit by Drew Miller and loses puck.
9:38 of 3rd period - Morgan Ellis is hit by Matt Smaby and loses puck.
9:57 of 3rd period - Jakub Voracek is hit by Magnus Paajarvi.
10:01 of 3rd period - Magnus Paajarvi is hit by Jordan Nolan and loses puck.
10:18 of 3rd period - Slapshot by Jonathan Ericsson.
10:18 of 3rd period - Shot Misses the Net.
10:20 of 3rd period - Wrist shot by Brian Lashoff.
10:20 of 3rd period - Shot Misses the Net.
10:22 of 3rd period - Slapshot by Brian Lashoff.
10:22 of 3rd period - Stopped by Harru Sateri with a rebound.
10:34 of 3rd period - Backhand shot by Ryan Strome.
10:34 of 3rd period - Stopped by Steve Mason without a rebound.
10:35 of 3rd period - Jeff Carter wins face-off versus Sean Couturier in Flyers zone.
10:50 of 3rd period - Backhand shot by Sean Couturier.
10:50 of 3rd period - Stopped by Steve Mason with a rebound.
11:21 of 3rd period - Snap shot by Milan Lucic.
11:21 of 3rd period - Stopped by Steve Mason with a rebound.
11:23 of 3rd period - Wrist shot by Dmitry Kulikov.
11:23 of 3rd period - Stopped by Steve Mason without a rebound.
11:24 of 3rd period - Patrice Bergeron wins face-off versus Jordan Nolan in Flyers zone.
12:42 of 3rd period - Slapshot by Luke Schenn.
12:42 of 3rd period - Deflect By Richard Panik.
12:42 of 3rd period - Stopped by Steve Mason with a rebound.
12:44 of 3rd period - Snap shot by Richard Panik.
12:44 of 3rd period - Stopped by Steve Mason with a rebound.
12:46 of 3rd period - Snap shot by Richard Panik.
12:46 of 3rd period - Goal by Richard Panik - Flyers : 6 - Rangers : 6.
12:47 of 3rd period - Jordan Nolan wins face-off versus Sean Couturier in neutral zone.
12:56 of 3rd period - Snap shot by Jakub Voracek.
12:56 of 3rd period - Stopped by Harru Sateri without a rebound.
12:57 of 3rd period - Jordan Nolan wins face-off versus Ryan Strome in Rangers zone.
12:58 of 3rd period - Snap shot by J.T. Miller.
12:58 of 3rd period - Shot Misses the Net.
13:00 of 3rd period - Slapshot by Jeff Woywitka.
13:00 of 3rd period - Deflect By Jordan Nolan.
13:00 of 3rd period - Shot Hit the Post.
13:00 of 3rd period - Puck is out of play.
13:01 of 3rd period - Sean Couturier wins face-off versus Jordan Nolan in Rangers zone.
13:08 of 3rd period - Jordan Nolan is hit by Ryan Strome and loses puck.
13:31 of 3rd period - Off-side.
13:32 of 3rd period - Travis Zajac wins face-off versus Patrice Bergeron in neutral zone.
13:51 of 3rd period - Wrist shot by Chris Bourque.
13:51 of 3rd period - Shot Misses the Net.
13:53 of 3rd period - Slapshot by Matt Delahey.
13:53 of 3rd period - Stopped by Steve Mason with a rebound.
13:55 of 3rd period - Slapshot by Steve Quailer.
13:55 of 3rd period - Shot Misses the Net.
13:57 of 3rd period - Slapshot by Dmitry Kulikov.
13:57 of 3rd period - Shot Blocked by Matt Smaby.
14:23 of 3rd period - Snap shot by Chris Bourque.
14:23 of 3rd period - Shot Misses the Net.
14:25 of 3rd period - Snap shot by Morgan Ellis.
14:25 of 3rd period - Deflect By Travis Zajac.
14:25 of 3rd period - Stopped by Steve Mason with a rebound.
14:27 of 3rd period - Wrist shot by Patrice Bergeron.
14:27 of 3rd period - Deflect By Chris Bourque.
14:27 of 3rd period - Shot Misses the Net.
14:27 of 3rd period - Puck is out of play.
14:28 of 3rd period - Jordan Nolan wins face-off versus Sean Couturier in Flyers zone.
14:40 of 3rd period - Icing by Dmitry Kulikov.
14:41 of 3rd period - Jordan Nolan wins face-off versus Sean Couturier in Rangers zone.
15:30 of 3rd period - Minor Penalty to Niclas Bergfors for Holding Stick.
15:31 of 3rd period - J.T. Miller wins face-off versus Sean Couturier in Flyers zone.
15:55 of 3rd period - Icing by Milan Lucic.
15:56 of 3rd period - Patrice Bergeron wins face-off versus J.T. Miller in Rangers zone.
16:11 of 3rd period - Off-side.
16:12 of 3rd period - J.T. Miller wins face-off versus Sean Couturier in neutral zone.
16:42 of 3rd period - Off-side.
16:43 of 3rd period - Milan Lucic wins face-off versus J.T. Miller in neutral zone.
16:55 of 3rd period - Minor Penalty to Chris Bourque for Roughing.
16:56 of 3rd period - J.T. Miller wins face-off versus Milan Lucic in Rangers zone.
17:04 of 3rd period - Slapshot by Jordan Nolan.
17:04 of 3rd period - Stopped by Harru Sateri with a rebound.
17:06 of 3rd period - Slapshot by Jeff Woywitka.
17:06 of 3rd period - Stopped by Harru Sateri without a rebound.
17:07 of 3rd period - Milan Lucic wins face-off versus J.T. Miller in Rangers zone.
17:14 of 3rd period - Wrist shot by Sean Couturier.
17:14 of 3rd period - Stopped by Steve Mason without a rebound.
17:15 of 3rd period - Milan Lucic wins face-off versus J.T. Miller in Flyers zone.
17:30 of 3rd period - Penalty to Niclas Bergfors is over, Niclas Bergfors is back on ice.
18:30 of 3rd period - Off-side.
18:31 of 3rd period - Milan Lucic wins face-off versus Jeff Carter in neutral zone.
18:55 of 3rd period - Penalty to Chris Bourque is over, Chris Bourque is back on ice.
19:24 of 3rd period - Snap shot by Chris Mcallister.
19:24 of 3rd period - Stopped by Harru Sateri without a rebound.
19:25 of 3rd period - Devante Smith-Pelly wins face-off versus Jordan Nolan in Rangers zone.
19:42 of 3rd period - Wrist shot by Devante Smith-Pelly.
19:42 of 3rd period - Deflect By Ryan Strome.
19:42 of 3rd period - Stopped by Steve Mason without a rebound.
19:43 of 3rd period - Jordan Nolan wins face-off versus Sean Couturier in Flyers zone.
Goals for this period are 2 for Flyers vs 1 for Rangers.
Shots for this period are 13 for Flyers vs 20 for Rangers.
Overtime #1
0:01 of 1st overtime period - Milan Lucic wins face-off versus J.T. Miller in neutral zone.
0:54 of 1st overtime period - Snap shot by Jeff Carter.
0:54 of 1st overtime period - Stopped by Harru Sateri with a rebound.
1:14 of 1st overtime period - Sean Couturier is hit by Marcus Kruger and loses puck.
1:27 of 1st overtime period - Snap shot by Marcus Kruger.
1:27 of 1st overtime period - Stopped by Harru Sateri with a rebound.
1:38 of 1st overtime period - Icing by Jacob Trouba.
1:39 of 1st overtime period - Patrice Bergeron wins face-off versus J.T. Miller in Flyers zone.
2:36 of 1st overtime period - Snap shot by Travis Zajac.
2:36 of 1st overtime period - Stopped by Harru Sateri without a rebound.
2:37 of 1st overtime period - T.J Galiardi wins face-off versus Travis Zajac in Rangers zone.
2:42 of 1st overtime period - Marcus Kruger is hit by Patrik Nemeth and loses puck.
3:10 of 1st overtime period - Chris Bourque is hit by Nathan Beaulieu and loses puck.
3:17 of 1st overtime period - Wrist shot by Marcus Kruger.
3:17 of 1st overtime period - Shot Misses the Net.
3:41 of 1st overtime period - Snap shot by Marcus Kruger.
3:41 of 1st overtime period - Stopped by Harru Sateri with a rebound.
3:43 of 1st overtime period - Slapshot by Jacob Trouba.
3:43 of 1st overtime period - Stopped by Harru Sateri without a rebound.
3:44 of 1st overtime period - J.T. Miller wins face-off versus Milan Lucic in Rangers zone.
3:49 of 1st overtime period - Wrist shot by J.T. Miller.
3:49 of 1st overtime period - Stopped by Harru Sateri without a rebound.
3:50 of 1st overtime period - Milan Lucic wins face-off versus J.T. Miller in Rangers zone.
4:33 of 1st overtime period - Slapshot by Jacob Trouba.
4:33 of 1st overtime period - Shot Misses the Net.
4:35 of 1st overtime period - Slapshot by Jacob Trouba.
4:35 of 1st overtime period - Stopped by Harru Sateri with a rebound.
4:37 of 1st overtime period - Slapshot by Jacob Trouba.
4:37 of 1st overtime period - Stopped by Harru Sateri without a rebound.
4:38 of 1st overtime period - Milan Lucic wins face-off versus J.T. Miller in Rangers zone.
4:49 of 1st overtime period - Dmitry Kulikov is hit by J.T. Miller and loses puck.
Goals for this period are 0 for Flyers vs 0 for Rangers.
Shots for this period are 8 for Flyers vs 0 for Rangers.
ShootOut
5:00 of 1st overtime period - Round #1.
5:00 of 1st overtime period - Flyers, J.T. Miller.
5:00 of 1st overtime period - Wrist shot by J.T. Miller.
5:00 of 1st overtime period - Shot Misses the Net.
5:00 of 1st overtime period - Rangers, Milan Lucic.
5:00 of 1st overtime period - Snap shot by Milan Lucic.
5:00 of 1st overtime period - Stopped by Steve Mason.
5:00 of 1st overtime period - Round #2.
5:00 of 1st overtime period - Flyers, Jordan Nolan.
5:00 of 1st overtime period - Backhand shot by Jordan Nolan.
5:00 of 1st overtime period - Goal by Jordan Nolan.
5:00 of 1st overtime period - Rangers, Sean Couturier.
5:00 of 1st overtime period - Wrist shot by Sean Couturier.
5:00 of 1st overtime period - Stopped by Steve Mason.
5:00 of 1st overtime period - Round #3.
5:00 of 1st overtime period - Flyers, Jeff Carter.
5:00 of 1st overtime period - Backhand shot by Jeff Carter.
5:00 of 1st overtime period - Goal by Jeff Carter.
Output by the SimonT Hockey Simulator (STHS) for Francois Prevost